 Dungeon Crawl Stone Soup version 0.17.1-3-g152610e (webtiles) character file.

340 Gargoyl the Skirmisher (level 6, -4/48 HPs)
             Began as a Demonspawn Abyssal Knight on Mar 9, 2016.
             Was a Believer of Lugonu.
             Slain by an orc warrior
             ... wielding a +0 war axe
              (14 damage)
             ... on level 2 of the Dungeon.
             The game lasted 00:09:42 (4539 turns).

Gargoyl the Skirmisher (Demonspawn Abyssal Knight)  Turns: 4539, Time: 00:09:43

Health: -4/48      AC: 12    Str: 14      XL:     6   Next: 30%
Magic:  17/17      EV:  7    Int: 12 (14) God:    Lugonu [**....]
Gold:   142        SH:  0    Dex: 12      Spells: 0 memorised, 5 levels left

rFire  . . .     SeeInvis .     a - +1 spear
rCold  . . .     Clarity  .     j - +0 chain mail
rNeg   . . .     SustAt   .     (no shield)
rPois  .         Gourm    .     (no helmet)
rElec  .         Spirit   .     (no cloak)
rCorr  .         Warding  .     e - +0 pair of gloves
rMut   .         Stasis   .     (no boots)
MR     .....                    (no amulet)
Stlth  +.........               (no ring)
                                d - ring of magical power

@: not resistant to hostile enchantments, very unstealthy
A: thin metallic scales 1, nightstalker 2
a: Depart the Abyss, Bend Space, Renounce Religion


You were on level 2 of the Dungeon.
You worshipped Lugonu.
Lugonu was pleased with you.
You were not hungry.

You visited 1 branch of the dungeon, and saw 4 of its levels.
You visited the Abyss 1 time.

You collected 142 gold pieces.

Inventory:

Hand Weapons
 a - a +1 spear (weapon)
 n - a +1 hand axe
Armour
 e - a +0 pair of gloves (worn)
 j - a +0 chain mail (worn)
Jewellery
 d - a ring of magical power (left hand)
Scrolls
 b - 2 scrolls of recharging
 i - 2 scrolls of teleportation
 m - a scroll of identify
Comestibles
 c - a bread ration
 f - 3 beef jerkies
 l - a slice of pizza
 p - a meat ration


   Skills:
 + Level 4.2 Fighting
 + Level 0.1(1.6) Axes
 + Level 2.8 Polearms
 + Level 3.7 Armour
 + Level 2.1 Dodging
 + Level 1.7 Stealth
 + Level 3.0 Invocations


You had 5 spell levels left.
You didn't know any spells.

Dungeon Overview and Level Annotations

Branches:
Dungeon (4/15)
 Temple: D:4-7

Altars:
Elyvilon
Makhleb

Shops:
D:4 *


Innate Abilities, Weirdness & Mutations

You are partially covered in thin metallic scales (AC +2).
You are significantly more attuned to the shadows.


Message History

The orc warrior completely misses you.
You closely miss the orc warrior. You closely miss the orc warrior.
The orc warrior hits you but does no damage.
You completely miss the orc warrior. The orc warrior barely misses you.
You closely miss the orc warrior.
The orc warrior hits you with a war axe.
You hit the orc warrior.
The orc warrior is lightly wounded.
The orc warrior hits you with a war axe.
You hit the orc warrior but do no damage.
The orc warrior is lightly wounded.
You hit the orc warrior but do no damage.
The orc warrior is lightly wounded.
The orc warrior hits you with a war axe!
* * * LOW HITPOINT WARNING * * *
You hit the orc warrior but do no damage.
The orc warrior is lightly wounded.
The orc warrior hits you with a war axe!
You die...

#.# ###...#.# #.# #<......#
#.# #.#...##### #.#
#.#.>.....# #.#
##.#..####.# #.#
#.....####.# ######## #.#
#.......##.# #....... #.#
#.##.##.##.# #.###### #.#
#.##.##@##.######.#
#.#######.##...o...##.....#
#..........####.#####.#####
#########..# #.# #.# #..#
#.# #.# ##### #..#
#.#####.# ##...### #..#
#.#.....###.#..... #..#
#.#.######.##.##.# #..#
#.#.# #........


You could see an orc warrior.

Vanquished Creatures
  The ghost of GFox the Vexing, an amateur FeEn (D:4)
  A hound (D:3)
  A centaur skeleton (D:3)
  An orc wizard (D:3)
  A worker ant (D:4)
  7 adders
  2 worms
  3 giant geckos
  5 orcs
  5 bats
  3 giant cockroaches
  9 goblins
  4 hobgoblins
  8 kobolds
  2 quokkas
  7 giant newts
  5 jackals
  7 rats
72 creatures vanquished.

Vanquished Creatures (others)
  A scorpion (D:3)
1 creature vanquished.

Grand Total: 73 creatures vanquished

Notes
Turn   | Place    | Note
--------------------------------------------------------------
     0 | Abyss:1  | Gargoyl the Demonspawn Abyssal Knight began the quest for the Orb.
     0 | Abyss:1  | Reached XP level 1. HP: 18/18 MP: 2/2
    92 | Abyss:1  | Noticed a spatial maelstrom
    92 | Abyss:1  | Noticed a spatial vortex
    95 | Abyss:1  | Noticed a small abomination
   100 | D:1      | Escaped the Abyss
   152 | D:1      | Reached skill level 1 in Dodging
   167 | D:1      | Reached * piety under Lugonu
   310 | D:1      | Gained mutation: You are partially covered in thin metallic scales (AC +2). [demonic ancestry]
   310 | D:1      | Reached XP level 2. HP: 24/24 MP: 3/3
   978 | D:2      | Reached XP level 3. HP: 16/29 MP: 3/5
  1678 | D:2      | Reached ** piety under Lugonu
  1678 | D:2      | Reached skill level 1 in Stealth
  2067 | D:3      | Reached XP level 4. HP: 23/36 MP: 6/6
  2338 | D:3      | Found a white marble altar of Elyvilon.
  2338 | D:3      | Found a burning altar of Makhleb.
  2789 | D:3      | Gained mutation: You are slightly more attuned to the shadows. [demonic ancestry]
  2789 | D:3      | Reached XP level 5. HP: 6/42 MP: 7/7
  3532 | D:4      | Reached skill level 4 in Fighting
  3713 | D:4      | Found Dex Eschy's General Store.
  3824 | D:4      | Reached *** piety under Lugonu
  3841 | D:4      | Noticed GFox's ghost (amateur FeEn)
  4043 | D:4      | Killed GFox's ghost
  4043 | D:4      | Gained mutation: You are significantly more attuned to the shadows. [demonic ancestry]
  4043 | D:4      | Reached XP level 6. HP: 40/48 MP: 8/8
  4059 | D:4      | Noticed an orc warrior
  4241 | D:3      | HP: 2/48 [spatial distortion (2)]
  4539 | D:2      | Slain by an orc warrior

Action                   |  1- 3 |  4- 6 || total
-------------------------+-------+-------++-------
Melee: Spear             |   123 |   258 ||   381
       Hand axe          |    66 |       ||    66
Invok: Depart the Abyss  |     1 |       ||     1
       Banish            |       |     1 ||     1
       Bend Space        |       |     1 ||     1
  Use: Potion            |     4 |     5 ||     9
       Scroll            |     3 |     4 ||     7
 Stab: Sleeping          |     2 |       ||     2
  Eat: Fruit             |     3 |       ||     3
       Chunk             |     2 |     5 ||     7
       Bread ration      |       |     1 ||     1
